 Dungeon Crawl Stone Soup version 0.30.1-9-gdf580d7c3d (webtiles) character file.

Game seed: 11350820036453990951

11179 Chiseanne the Thaumaturge (level 11, -9/73 (75) HPs)
             Began as a Demonspawn Wanderer on Oct 11, 2023.
             Was an Initiate of Gozag.
             Mangled by an ogre
             ... wielding a +0 giant club
             ... led by Lodul
              (16 damage)
             ... on level 10 of the Dungeon.
             The game lasted 00:57:51 (9851 turns).

Chiseanne the Thaumaturge (Demonspawn Wanderer)     Turns: 9851, Time: 00:57:52

HP:   -9/73 (75)    AC: 12    Str:  8    XL:     11   Next: 45%
MP:   22/23         EV: 16    Int: 27    God:    Gozag
Gold: 1086          SH:  5    Dex: 15    Spells: 8/27 levels left

rFire   + . .        a - +5 dagger (venom)
rCold   + . .        K - +0 buckler
rNeg    . . .        M - +1 robe {rC+ rF+}
rPois   .            J - +2 helmet {Int+3}
rElec   .            w - +1 cloak
rCorr   .            q - +1 pair of gloves
SInv    +            (boots unavailable)
Will    +....        u - amulet of magic regeneration
Stlth   ++           A - +5 ring of evasion
HPRegen 0.32/turn    n - ring "Jis Ruom" {Will+ Int+4 Slay-2 SInv}
MPRegen 0.58/turn

%: no passive effects
@: gold aura, lightly drained
A: hooves 3, icy blue scales 1, powered by pain 2, spiny 1
a: Renounce Religion, Potion Petition, Call Merchant, Bribe Branch


You were on level 10 of the Dungeon.
You worshipped Gozag.
Gozag was most pleased with you.
You visited 1 branch of the dungeon, and saw 10 of its levels.

You collected 1960 gold pieces.
You spent 752 gold pieces at shops.
You paid 122 gold pieces to Gozag.

Inventory:

Hand Weapons
 a - a +5 dagger of venom (weapon)
 s - a +1 dagger of electrocution
 L - the +2 rapier of Tuipt {heavy, MP+9 Dex+4}
   (You bought it in a shop on level 4 of the Dungeon)

   Dex:       It affects your dexterity (+4).
   MP:        It affects your magic capacity (+9).
 T - the +9 staff of Olgreb {rPois∞}
   (You found it on level 9 of the Dungeon)

   It enhances your poison magic.
   It grants immunity to poison.
   It can be activated via the 'a'bility menu to radiate toxic energy, with
   effectiveness depending on Evocations skill.
Missiles
 j - 8 javelins (quivered)
 p - 5 curare-tipped darts
 H - 15 poisoned darts
 R - 3 boomerangs
Armour
 c - the +1 ring mail "Beutear" {rC++ rCorr SInv Stlth-}
   (You took it off an orc on level 6 of the Dungeon)

   rC:        It greatly protects you from cold.
   SInv:      It lets you see invisible.
   rCorr:     It protects you from acid and corrosion.
   Stlth:     It makes you less stealthy.
 q - a +1 pair of gloves (worn)
 w - a +1 cloak (worn)
 J - a +2 helmet of intelligence (worn)
 K - a +0 buckler (worn)
 M - a +1 robe of resistance (worn)
Magical Staves
 k - a staff of death
Jewellery
 f - a ring of fire
 i - a +6 ring of dexterity
 n - the ring "Jis Ruom" (right hand) {Will+ Int+4 Slay-2 SInv}
   (You acquired it on level 2 of the Dungeon)

   [ring of see invisible]

   Int:       It affects your intelligence (+4).
   Slay:      It affects your accuracy & damage with ranged weapons and melee
   (-2).
   SInv:      It lets you see invisible.
   Will:      It increases your willpower.
 u - an amulet of magic regeneration (around neck)
 A - a +5 ring of evasion (left hand)
 I - the ring "Nasaatt" {MP+9 Str+2 Dex+3}
   (You found it on level 7 of the Dungeon)

   [ring of magical power]

   Str:       It affects your strength (+2).
   Dex:       It affects your dexterity (+3).
   MP:        It affects your magic capacity (+9).
Wands
 b - a wand of roots (8)
 x - a wand of charming (10)
 N - a wand of mindburst (16)
 O - a wand of flame (21)
Scrolls
 g - 4 scrolls of immolation
 v - a scroll of fear
 y - 4 scrolls of teleportation
 z - 3 scrolls of blinking
 E - a scroll of magic mapping
 S - a scroll of amnesia
Potions
 d - 2 potions of magic {unknown}
 e - 4 potions of cancellation
 h - 3 potions of ambrosia
 l - 2 potions of brilliance {unknown}
 m - 4 potions of heal wounds
 o - 2 potions of might {unknown}
 r - 6 potions of curing
 t - 2 potions of flight {unknown}
 B - 2 potions of resistance {unknown}
 D - a potion of attraction {unknown}
 F - a potion of invisibility {unknown}
 G - 2 potions of berserk rage {unknown}
 Q - 2 potions of mutation {unknown}


   Skills:
 - Level 3.2 Fighting
 - Level 1.0 Short Blades
 - Level 1.5 Dodging
 - Level 1.0 Stealth
 - Level 3.3 Shields
 - Level 8.6 Spellcasting
 - Level 6.3 Conjurations
 - Level 1.6 Transmutations
 * Level 8.4 Fire Magic
 - Level 4.5 Ice Magic
 - Level 5.1 Air Magic
 - Level 5.3 Earth Magic
 - Level 3.0 Poison Magic


You had 8 spell levels left.
You knew the following spells:

 Your Spells              Type           Power      Damage    Failure   Level
a - Poisonous Vapours     Pois/Air       66%        N/A       2%          2
b - Ensorcelled Hibernat  Hex/Ice        48%        N/A       4%          2
c - Passwall              Tmut/Erth      25%        N/A       2%          2
d - Mephitic Cloud        Conj/Pois/Air  37%        N/A       3%          3
e - Iskenderun's Battles  Conj           46%        2d10      16%         5
f - Fireball              Conj/Fire      25%        3d11      10%         5

Your spell library contained the following spells:

 Spells                   Type           Power      Damage    Failure   Level
 Magic Dart               Conj           100%       1d8       1%          1
 Swiftness                Air            39%        N/A       2%          3
 Slow                     Hex            44%        N/A       8%          1
 Spider Form              Tmut/Pois      24%        N/A       9%          3
 Call Imp                 Summ           22%        N/A       11%         2
 Teleport Other           Tloc           11%        N/A       22%         3
 Conjure Ball Lightning   Conj/Air       21%        3x3d6     73%         6
 Orb of Destruction       Conj           23%        9d8       99%         7


Dungeon Overview and Level Annotations

Branches:
Dungeon (10/15)            Temple (0/1) D:7            Lair (0/5) D:8
    Orc: D:9-12

Altars:
Gozag
Hepliaklqana
Nemelex Xobeh
Ru
Uskayaw

Shops:
D:4 [(*

Annotations:
D:9 1 runed translucent door
D:10 Lodul


Innate Abilities, Weirdness & Mutations

You have hooves in place of feet.
You are partially covered in icy blue scales. (AC +2)
You sometimes gain power by taking damage.
You are partially covered in sharp spines.


Message History

The ogre looks drowsy...
An ogre comes into view. It is wielding a +0 giant spiked club.
Your +1 dagger of electrocution stops crackling.
Your +5 dagger of venom begins to drip with poison!
a - a +5 dagger of venom (weapon)
The helpless ogre fails to defend itself.
You puncture the ogre!
The ogre is poisoned.
The ogre shouts!
Your kick misses the ogre.
The ogre is heavily wounded.
The ogre is distracted by your dazzling golden aura.
The ogre misses you.
You barely miss the ogre.
The ogre is heavily wounded.
The ogre shouts!
Electricity crackles from Lodul's apparatus.
The bolt of lightning hits you! The ogre barely misses you.
Casting: Ensorcelled Hibernation (safe; 4% risk of failure)
Confirm with . or Enter, or press ? or * to list all spells.
Aiming: Mephitic Cloud (dangerous; 3% risk of failure)
Press: ? - help, Shift-Dir - straight line, f/p - ogre
Aim: an ogre, wielding a +0 giant spiked club (severely wounded, very poisoned, chance to affect: 77%)
The ball explodes into a vile cloud!
The stinking cloud engulfs the ogre but does no damage.
The ogre is severely wounded.
The stinking cloud engulfs the ogre but does no damage.
The ogre is no longer distracted by gold.
The ogre is engulfed in noxious fumes.
The ogre appears confused.
The ogre barely misses the ogre.
The ogre is engulfed in noxious fumes.
The ogre appears confused.
You hit the ogre. You kick the ogre.
You kill the ogre!
The ogre is engulfed in noxious fumes.
The ogre appears confused.
Electricity crackles from Lodul's apparatus.
The bolt of lightning hits you!!
* * * LOW HITPOINT WARNING * * *
The ogre is engulfed in noxious fumes.
The ogre appears confused.
The ogre is struck by your spines. The ogre hits you with a +0 giant club!
You die...
Your body crumbles into a pile of gold.

$ #.# . #.#
...O##########.#
...OOO$OO@...#.#
...#########.#.#
#.#.#
######.#.######
#.............#
#.####.#.####.#
#...# #.# #..##
#.## #..# #..#


You could see Lodul and 5 ogres.

Vanquished Creatures
  Erolcha (D:8)
  2 wolf spiders (D:9)
  Maggie (D:9)
  2 hornets
  26 yaks
  A wraith (D:9)
  3 wyverns
  2 redbacks (D:9)
  8 water moccasins
  2 orc warriors (D:9)
  An ice beast (D:5)
  3 ogres
  5 centaurs
  2 phantoms (D:4)
  2 kobold brigands
  6 bullfrogs
  2 scorpions
  A gnoll sergeant (D:8)
  4 wights (D:10)
  10 killer bees (D:9)
  2 howler monkeys (D:6)
  6 orc priests
  A jelly (D:5)
  6 hounds
  Crazy Yiuf (D:2)
  3 iguanas
  10 orc wizards
  10 gnolls
  7 adders
  2 shadow imps (D:7)
  2 white imps (D:5)
  4 ufetubi
  4 worms
  A dart slug (D:2)
  29 orcs
  7 endoplasms
  6 giant cockroaches
  6 goblins
  8 hobgoblins
  17 kobolds
  2 quokkas
  9 ball pythons
  10 bats
  2 frilled lizards (D:2)
  9 rats
248 creatures vanquished.

Vanquished Creatures (collateral kills)
  A redback (D:9)
  A killer bee (D:9)
2 creatures vanquished.

Grand Total: 250 creatures vanquished

Notes
Turn   | Place    | Note
-------+----------+-------------------------------------------
     0 | D:1      | Chiseanne the Demonspawn Wanderer began the quest for the
                  | Orb.
     0 | D:1      | Chiseanne set off with the following items: a +1 short
                  | sword, a scroll of butterflies, a +0 robe; and the
                  | following spell memorised: Slow; and the following spells
                  | available to memorise: Poisonous Vapours, Spider Form,
                  | Teleport Other.
     0 | D:1      | Reached XP level 1. HP: 18/18 MP: 4/4
   314 | D:1      | Gained mutation: You have large cloven feet. [demonic
                  | ancestry]
   314 | D:1      | Reached XP level 2. HP: 24/24 MP: 6/6
   398 | D:1      | Found a faded altar of an unknown god.
   652 | D:1      | Learned a level 2 spell: Poisonous Vapours
  1033 | D:2      | Gained mutation: You sometimes gain a little power by
                  | taking damage. [demonic ancestry]
  1033 | D:2      | Reached XP level 3. HP: 29/29 MP: 7/7
  1045 | D:2      | Identified a scroll of acquirement
  1045 | D:2      | Acquired the ring "Jis Ruom" {Will+ Int+4 Slay-2 SInv}
  1222 | D:2      | Reached skill level 1 in Poison Magic
  1282 | D:2      | Reached skill level 1 in Air Magic
  1718 | D:2      | Gained mutation: You are partially covered in sharp spines.
                  | [demonic ancestry]
  1718 | D:2      | Reached XP level 4. HP: 34/35 MP: 9/9
  1799 | D:2      | Found a runed translucent door.
  1800 | D:2      | Noticed Crazy Yiuf
  1828 | D:2      | Killed Crazy Yiuf
  2204 | D:3      | Gained mutation: You are partially covered in icy blue
                  | scales. (AC +2) [demonic ancestry]
  2204 | D:3      | Reached XP level 5. HP: 41/41 MP: 5/10
  2812 | D:4      | Noticed an ogre
  2827 | D:3      | Killed an ogre
  2828 | D:3      | Reached XP level 6. HP: 32/47 MP: 9/12
  2884 | D:3      | Learned a level 2 spell: Ensorcelled Hibernation
  2944 | D:4      | Found Yxki's Armour Shoppe.
  2950 | D:4      | Reached skill level 1 in Ice Magic
  3167 | D:4      | Found Hiozon Xule's Antique Weapon Shop.
  3181 | D:4      | Acquired 383 gold pieces
  3227 | D:4      | Found Kiphin's General Store.
  3524 | D:4      | Reached skill level 5 in Spellcasting
  3524 | D:4      | Gained mutation: You have hoof-like feet. [demonic
                  | ancestry]
  3524 | D:4      | Reached XP level 7. HP: 39/52 MP: 14/14
  3653 | D:5      | Entered Level 5 of the Dungeon
  4573 | D:5      | Reached XP level 8. HP: 58/58 MP: 12/16
  4873 | D:6      | Reached skill level 5 in Air Magic
  4988 | D:6      | Acquired a book of Minor Magic
  4994 | D:6      | Learned a level 3 spell: Mephitic Cloud
  4997 | D:6      | Learned a level 2 spell: Passwall
  5062 | D:6      | Identified the +1 ring mail "Beutear" {rC++ rCorr SInv
                  | Stlth-}
  5185 | D:6      | Reached skill level 1 in Conjurations
  5185 | D:6      | Reached skill level 1 in Earth Magic
  5530 | D:6      | Found an opulent altar of Gozag.
  5533 | D:6      | Found a hazy altar of Hepliaklqana.
  5536 | D:6      | Became a worshipper of Gozag Ym Sagoz the Greedy
  5606 | D:6      | Found a hide-covered altar of Uskayaw.
  5640 | D:6      | Found a sparkling altar of Nemelex Xobeh.
  5883 | D:7      | Gained mutation: You have hooves in place of feet. [demonic
                  | ancestry]
  5883 | D:7      | Reached XP level 9. HP: 64/64 MP: 16/19
  6091 | D:7      | Found a staircase to the Ecumenical Temple.
  6205 | D:7      | Identified the ring "Nasaatt" {MP+9 Str+2 Dex+3}
  6682 | D:4      | Bought a +1 helmet of intelligence for 165 gold pieces
  6740 | D:4      | Bought a scroll of teleportation for 39 gold pieces
  6740 | D:4      | Bought 3 scrolls of blinking for 292 gold pieces
  6740 | D:4      | Bought a +0 buckler for 58 gold pieces
  6766 | D:4      | Bought a warped rapier for 198 gold pieces
  6766 | D:4      | Identified the +2 rapier of Tuipt {heavy, MP+9 Dex+4} (You
                  | bought it in a shop on level 4 of the Dungeon)
  7135 | D:8      | Reached skill level 5 in Conjurations
  7175 | D:8      | Found a staircase to the Lair.
  7194 | D:8      | Reached skill level 1 in Shields
  7365 | D:8      | Reached skill level 5 in Earth Magic
  7365 | D:8      | Gained mutation: You sometimes gain power by taking damage.
                  | [demonic ancestry]
  7365 | D:8      | Reached XP level 10. HP: 70/70 MP: 16/22
  7641 | D:8      | Found a sacrificial altar of Ru.
  7910 | D:9      | Noticed Erolcha
  7938 | D:8      | Killed Erolcha
  7939 | D:8      | Reached skill level 1 in Transmutations
  8126 | D:9      | Found a runed translucent door.
  8130 | D:9      | Noticed a black mamba
  8130 | D:9      | Noticed a black mamba
  8132 | D:9      | Noticed a wolf spider
  8268 | D:8      | Learned a level 5 spell: Iskenderun's Battlesphere
  8274 | D:8      | Learned a level 5 spell: Fireball
  8310 | D:8      | Reached skill level 1 in Fire Magic
  8383 | D:9      | Noticed Maggie
  8401 | D:9      | Killed Maggie
  8527 | D:9      | Reached skill level 5 in Fire Magic
  8755 | D:9      | Reached XP level 11. HP: 75/75 MP: 11/23
  8885 | D:9      | Identified the +7 chain mail of Yhis {Harm rPois Str-5}
  9061 | D:9      | Found the +9 staff of Olgreb {rPois∞}
  9066 | D:9      | Found a runed translucent door.
  9105 | D:9      | Found a runed translucent gate.
  9105 | D:9      | Found a runed translucent gate.
  9105 | D:9      | Noticed a wolf spider
  9105 | D:9      | Noticed a wolf spider
  9117 | D:9      | Found a runed translucent gate.
  9370 | D:9      | Killed a wolf spider
  9575 | D:9      | Killed a wolf spider
  9689 | D:10     | Entered Level 10 of the Dungeon
  9842 | D:10     | Noticed Lodul
  9851 | D:10     | Mangled by an ogre

Illustrated notes

Levels and vault maps discovered:
D:1:      lightli_arrival_isolated_outpost, layout_basic,
          hellmonk_ecumenical_altar_lost_god
D:2:      minmay_general_purpose_star, layout_loops_ring,
          uniq_crazy_yiuf_cottage
D:3:      layout_loops_ring
D:4:      layout_loops_ring, serial_shops, shop, nicolae_shop_rolling_square,
          nicolae_shop_behind_doors
D:5:      wander_river, layout_rooms, kennysheep_generic_room_12
D:6:      layout_gridville, nicolae_overflow_quartered_altars,
          mainiacjoe_overflow_catwalk, grunt_decor_mini_mirrors,
          palyth_stone_intersect, minmay_holes, corexii_shack
D:7:      layout_loops_ring, minmay_temple_entry_proselytizer
D:8:      layout_loops_cross, nicolae_ru_sacrificial_ziggurat,
          minmay_lair_entry_grove
D:9:      layout_roguey, grunt_ministairs_13,
          minmay_guarded_unrand_staff_of_olgreb, uniq_maggie, uniq_erolcha
D:10:     layout_loops_ring, nicolae_overflow_hidden_temple, uniq_lodul

Skill      XL: |  1  2  3  4  5  6  7  8  9 10 11 |
---------------+----------------------------------+-----
Poison Magic   | 1 2 3 |  3.0
Air Magic      | 1 2 3 4 5 |  5.1
Spellcasting   | 4 5 7 8 |  8.6
Ice Magic      | 1 3 4 |  4.5
Conjurations   | 3 5 6 |  6.3
Earth Magic    | 2 5 |  5.3
Shields        | 1 3 |  3.3
Transmutations | 1 |  1.6
Fire Magic     | 5 8 |  8.4
Fighting       | |  3.2
Short Blades   | |  1.0
Dodging        | |  1.5
Stealth        | |  1.0

Action                     |  1- 3 |  4- 6 |  7- 9 | 10-12 || total
---------------------------+-------+-------+-------+-------++-------
  Melee: Dagger            |    90 |    67 |   137 |   169 ||   463
         Short sword       |     4 |       |       |       ||     4
         Kick              |    23 |    17 |    52 |    72 ||   164
         Quarterstaff      |       |     6 |     7 |       ||    13
         Punch             |       |       |     1 |       ||     1
  Throw: Stone             |     3 |       |       |       ||     3
         Javelin           |       |       |     1 |       ||     1
   Cast: Slow              |     7 |       |       |       ||     7
         Poisonous Vapours |    24 |    75 |   147 |    88 ||   334
         Ensorcelled Hiber |       |       |    23 |    47 ||    70
         Mephitic Cloud    |       |       |     8 |    20 ||    28
         Fireball          |       |       |       |     2 ||     2
         Iskenderun's Batt |       |       |       |     1 ||     1
  Evoke: Wand              |       |       |     1 |       ||     1
    Use: Scroll            |     7 |    10 |     5 |     5 ||    27
   Stab: Sleeping          |    11 |     4 |    11 |    15 ||    41
         Confused          |       |       |     1 |     5 ||     6
 Armour: Robe              |    13 |    23 |    49 |    47 ||   132
  Dodge: Dodged            |    46 |    40 |   136 |   132 ||   354
  Block: Buckler           |       |       |     4 |    33 ||    37
